 Dungeon Sprint DCSS version 0.30.1-11-g7821555f0a (webtiles) character file.

Game seed: 5251566507652008765

5396 Heoruswealwe the Impaler (level 10, 0/105 HPs)
             Began as a Minotaur Fighter on Oct 31, 2023.
             Was an Initiate of Gozag.
             Slain by an 11-headed hydra (8 damage)
             ... in the Dungeon (Sprint IX: "|||||||||||||||||||||||||||||").
             The game lasted 00:06:20 (900 turns).

Heoruswealwe the Impaler (Minotaur Fighter)          Turns: 900, Time: 00:06:21

Health: 0/105      AC: 16    Str: 29    XL:     10   Next: 40%
Magic:  9/9        EV:  8    Int:  9    God:    Gozag
Gold:   1449       SH:  0    Dex: 13    Spells: 9/9 levels left

rFire   + . .        b - +2 halberd (venom)
rCold   . . .        (shield currently unavailable)
rNeg    . . .        c - +0 plate armour
rPois   .            (helmet restricted)
rElec   .            (no cloak)
rCorr   .            (no gloves)
SInv    .            (no boots)
Will    .....        (no amulet) Stlth
                     k - ring "Maoqyemma" {Fly rF+ Int+4 Dex+4}
HPRegen 0.37/turn    j - +3 ring of strength
MPRegen 0.11/turn

%: no teleportation
@: flying
A: horns 2, retaliatory headbutt
a: Renounce Religion, Potion Petition, Call Merchant, Bribe Branch


You were in the Dungeon.
You worshipped Gozag.
Gozag was most pleased with you.
You visited 1 branch You collected 1449 gold pieces.

Inventory:

Hand Weapons
 a - a +0 trident
 b - a +2 halberd of venom (weapon)
Armour
 c - a +0 plate armour (worn)
 d - a +0 buckler
Jewellery
 j - a +3 ring of strength (right hand)
 k - the ring "Maoqyemma" (left hand) {Fly rF+ Int+4 Dex+4}
   (You found it in the Dungeon)

   [ring of protection from fire]

   Int:       It affects your intelligence (+4).
   Dex:       It affects your dexterity (+4).
   rF:        It protects you from fire.
   Fly:       It grants you flight.
Wands
 h - a wand of acid (10)
Scrolls
 m - 2 scrolls of blinking
 q - 4 scrolls of enchant armour
Potions
 e - 3 potions of curing
 f - a potion of ambrosia {unknown}
 g - a potion of haste
 i - 2 potions of berserk rage
 l - 3 potions of might
 n - 3 potions of heal wounds
 o - a potion of mutation
 p - a potion of resistance


   Skills:
 + Level 15.2 Fighting
 * Level 20.5 Polearms
 + Level 15.2 Armour
 - Level 3.6 Shields


You had 9 spell levels left.
You didn't know any spells.
Your spell library was empty.

Dungeon Overview and Level Annotations

Branches:
Dungeon (1/1)

Altars:
Cheibriados
Dithmenos
Elyvilon
Fedhas
Gozag
Hepliaklqana
Kikubaaqudgha
Makhleb
Nemelex Xobeh
Okawaru
Qazlal
Ru
Sif Muna
Trog
Uskayaw
Vehumet
Wu Jian
Xom
Yredelemnul
Zin
The Shining One
Jiyva
Lugonu


Innate Abilities, Weirdness & Mutations

You have a pair of horns on your head.
You reflexively headbutt those who attack you in melee.


Message History

The eight-headed hydra bites you. The eight-headed hydra bites you!
The eight-headed hydra closely misses you.
The eight-headed hydra bites you but does no damage.
You hack one of the eight-headed hydra's heads off!
The seven-headed hydra grows two more!
You slice the nine-headed hydra!!
The nine-headed hydra is almost dead.
The nine-headed hydra bites you!
The nine-headed hydra bites you but does no damage. x3
The nine-headed hydra completely misses you.
The nine-headed hydra bites you!
The nine-headed hydra bites you but does no damage.
The nine-headed hydra bites you!
* * * LOW HITPOINT WARNING * * *
The nine-headed hydra bites you but does no damage.
You hack one of the nine-headed hydra's heads off!
The eight-headed hydra grows two more!
You hit the ten-headed hydra.
The ten-headed hydra is severely wounded.
You feel much better. The ten-headed hydra bites you!
The ten-headed hydra barely misses you.
The ten-headed hydra bites you but does no damage. x2
The ten-headed hydra bites you!
* * * LOW HITPOINT WARNING * * *
The ten-headed hydra bites you but does no damage.
The ten-headed hydra bites you.
* * * LOW HITPOINT WARNING * * *
The ten-headed hydra closely misses you.
The ten-headed hydra bites you but does no damage.
The ten-headed hydra bites you.
* * * LOW HITPOINT WARNING * * *
Okay, then.
You slice one of the ten-headed hydra's heads off!
The nine-headed hydra grows two more!
You impale the 11-headed hydra!!
The 11-headed hydra is almost dead.
The 11-headed hydra bites you!
* * * LOW HITPOINT WARNING * * *
The 11-headed hydra barely misses you. x2; The 11-headed hydra bites you.
* * * LOW HITPOINT WARNING * * *
The 11-headed hydra bites you!
You die...
Your body crumbles into a pile of gold.

▓▓▓▓▓▓▓▓▓▓▓▓▓▓▓▓▓▓▓▓▓▓▓▓▓▓▓▓▓▓▓▓▓
††....).....'____________________
▓▓▓▓▓▓▓▓▓▓▓▓▓▓▓▓▓▓▓▓▓▓▓▓▓▓▓▓▓▓▓▓▓
..........)...................)..
▓▓▓▓▓▓▓▓▓▓▓▓▓▓▓▓▓▓▓▓▓▓▓▓▓▓▓▓▓▓▓▓▓
...'.....!=?....@DSFl...
▓▓▓▓▓▓▓▓▓▓▓▓▓▓▓▓▓▓▓▓▓▓▓▓


$$$$$$$$$$$$$ $$$$$$$$$ You could see a 11-headed hydra, a water moccasin, a
wyvern and a bullfrog.

Vanquished Creatures
  Erolcha (D)
  Erica (D)
  2 centaur warriors (D)
  A skeletal warrior (D)
  A deep elf pyromancer (D)
  A cyclops (D)
  A cane toad (D)
  A blink frog (D)
  A wyvern (D)
  2 wraiths (D)
  A basilisk (D)
  Eustachio (D)
  An acid dragon (D)
  A water moccasin (D)
  An orc warrior (D)
  2 phantoms (D)
  A howler monkey (D)
  A jelly (D)
  An orc priest (D)
  An orc wizard (D)
  An orc (D)
  A ball python (D)
  A giant cockroach (D)
  A bat (D)
  2 rats (D)
29 creatures vanquished.

Notes
Turn   | Place    | Note
-------+----------+-------------------------------------------
     0 | D        | Heoruswealwe the Minotaur Fighter began the quest for the
                  | Orb.
     0 | D        | Reached XP level 1. HP: 19/19 MP: 0/0
     9 | D        | Reached skill level 3 in Polearms
    20 | D        | Noticed an orc priest
    20 | D        | Noticed a jelly
    20 | D        | Noticed a phantom
    20 | D        | Noticed a phantom
    27 | D        | Killed an orc priest
    28 | D        | Reached skill level 5 in Fighting
    28 | D        | Reached skill level 5 in Polearms
    28 | D        | Reached skill level 5 in Armour
    28 | D        | Reached XP level 2. HP: 15/29 MP: 1/1
    28 | D        | Reached XP level 3. HP: 19/36 MP: 2/2
    30 | D        | Reached skill level 6 in Polearms
    38 | D        | Killed a phantom
    39 | D        | Reached skill level 8 in Polearms
    39 | D        | Reached XP level 4. HP: 18/45 MP: 3/3
    42 | D        | Reached XP level 5. HP: 21/51 MP: 4/4
    47 | D        | Killed a phantom
    48 | D        | Reached skill level 10 in Polearms
    54 | D        | Found a snail-covered altar of Cheibriados.
    54 | D        | Found a shadowy altar of Dithmenos.
    54 | D        | Found a white marble altar of Elyvilon.
    54 | D        | Found a blossoming altar of Fedhas.
    54 | D        | Found an opulent altar of Gozag.
    55 | D        | Found a hazy altar of Hepliaklqana.
    56 | D        | Found a viscous altar of Jiyva.
    57 | D        | Found an ancient bone altar of Kikubaaqudgha.
    58 | D        | Found a corrupted altar of Lugonu.
    59 | D        | Found a burning altar of Makhleb.
    60 | D        | Found a sparkling altar of Nemelex Xobeh.
    61 | D        | Found an iron altar of Okawaru.
    62 | D        | Became a worshipper of Gozag Ym Sagoz the Greedy
    63 | D        | Found a stormy altar of Qazlal.
    64 | D        | Found a sacrificial altar of Ru.
    65 | D        | Found a shimmering blue altar of Sif Muna.
    66 | D        | Found a bloodstained altar of Trog.
    67 | D        | Found a hide-covered altar of Uskayaw.
    68 | D        | Found a radiant altar of Vehumet.
    69 | D        | Found an ornate altar of the Wu Jian Council.
    70 | D        | Found a shimmering altar of Xom.
    71 | D        | Found a basalt altar of Yredelemnul.
    72 | D        | Found a glowing silver altar of Zin.
    73 | D        | Found a glowing golden altar of the Shining One.
   154 | D        | Noticed a wyvern
   154 | D        | Noticed an acid dragon
   154 | D        | Noticed a wraith
   154 | D        | Noticed an orc warrior
   154 | D        | Noticed a wraith
   161 | D        | Killed a wyvern
   162 | D        | Reached skill level 11 in Polearms
   162 | D        | Reached XP level 6. HP: 9/63 MP: 5/5
   164 | D        | Killed an acid dragon
   165 | D        | Reached skill level 12 in Polearms
   170 | D        | Killed a wraith
   171 | D        | Reached skill level 10 in Fighting
   171 | D        | Reached skill level 13 in Polearms
   171 | D        | Reached skill level 10 in Armour
   171 | D        | Reached XP level 7. HP: 45/72 MP: 6/6
   184 | D        | Killed a wraith
   185 | D        | Reached skill level 14 in Polearms
   281 | D        | Noticed a centaur warrior
   281 | D        | Noticed a skeletal warrior
   281 | D        | Noticed a deep elf pyromancer
   281 | D        | Noticed a cyclops
   281 | D        | Noticed a centaur warrior
   288 | D        | Killed a centaur warrior
   289 | D        | Reached skill level 15 in Polearms
   289 | D        | Reached XP level 8. HP: 34/83 MP: 7/7
   293 | D        | Killed a deep elf pyromancer
   294 | D        | Reached skill level 16 in Polearms
   306 | D        | Killed a skeletal warrior
   307 | D        | Reached skill level 17 in Polearms
   307 | D        | Reached XP level 9. HP: 32/93 MP: 8/8
   310 | D        | Killed a cyclops
   311 | D        | Reached skill level 18 in Polearms
   313 | D        | Killed a centaur warrior
   502 | D        | Noticed Erica
   511 | D        | Killed Erica
   512 | D        | Reached skill level 19 in Polearms
   512 | D        | Reached XP level 10. HP: 39/104 MP: 9/9
   717 | D        | Noticed Erolcha
   725 | D        | Killed Erolcha
   783 | D        | Noticed Eustachio
   796 | D        | Killed Eustachio
   797 | D        | Reached skill level 20 in Polearms
   842 | D        | Got the ring "Maoqyemma" {Fly rF+ Int+4 Dex+4}
   879 | D        | Noticed a cane toad
   880 | D        | Noticed a four-headed hydra
   885 | D        | Reached skill level 15 in Fighting
   885 | D        | Reached skill level 15 in Armour
   890 | D        | Killed a cane toad
   900 | D        | Slain by an 11-headed hydra

Illustrated notes

Levels and vault maps discovered:
D:        linesprint [early_d, line_temple, items_1, d_10, items_2, lair_1,
          lair_end, items_3, orc_1, orc_end, items_4, d_15, swamp_1, shoals_1,
          snake_1, spider_1, d_20, vaults_1, items_5, swamp_end, shoals_end,
          snake_end, spider_end, vaults_end, d_27, items_6, zot_1, zot_end,
          crypt_end, forest_end, elf_end, slime_end, tomb_end, abyss_end,
          pan_hell_end]

Skill      XL: |  1  2  3  4  5  6  7  8  9 10 |
---------------+-------------------------------+-----
Polearms       | 5 8 11 13 15 17 19 20 | 20.5
Fighting       | 5 6 9 10 11 13 14 15 | 15.2
Armour         | 5 6 9 10 11 13 14 15 | 15.2
Shields        | |  3.6

Action                     |  1- 3 |  4- 6 |  7- 9 | 10-12 || total
---------------------------+-------+-------+-------+-------++-------
  Melee: Trident           |    27 |     9 |       |       ||    36
         Headbutt          |     5 |     3 |     9 |     3 ||    20
         Halberd           |       |    15 |    45 |    33 ||    93
    Use: Potion            |       |     1 |     4 |     1 ||     6
   Stab: Distracted        |       |       |       |     1 ||     1
 Armour: Scale mail        |    10 |     1 |       |       ||    11
         Chain mail        |       |     6 |     5 |       ||    11
         Plate armour      |       |       |    10 |    24 ||    34
  Dodge: Dodged            |    10 |     8 |    14 |    15 ||    47
  Block: Buckler           |     5 |     2 |       |       ||     7
